 Dungeon Crawl Stone Soup version 0.20-a0-766-g52e1353 (webtiles) character file.

1039 M4edhros the Poker (level 8, -2/60 HPs)
             Began as a Mummy Chaos Knight on Feb 26, 2017.
             Slain by a wyvern zombie (9 damage)
             ... on level 6 of the Dungeon.
             The game lasted 00:15:27 (109104 turns).

M4edhros the Poker (Mummy Chaos Knight)           Turns: 109104, Time: 00:15:28

Health: -2/60      AC:  9    Str: 14 (16) XL:     8   Next: 4%
Magic:  0/8        EV:  2    Int:  5 (14) God:    Xom [...*..]
Gold:   1741       SH:  0    Dex:  0 (7)  Spells: 7/7 levels left

rFire    x . .     SeeInvis .   a - +0 spear (chaos)
rCold    + . .     Gourm    .   g - +4 troll leather armour {Purgy}
rNeg     + + +     Faith    .   (no shield)
rPois    ∞         Spirit   +   (no helmet)
rElec    .         Reflect  .   x - +0 cloak
rCorr    .         Harm     .   (no gloves)
MR       +....     Rnd*Tele +   (no boots)
Stlth    ..........             p - amulet of Gom Joba {Spirit Int+3 Slay+2}
Regen    0.6/turn               A - ring of teleportation (curse)
MPRegen  0.2/turn               w - -6 ring of dexterity (curse)

@: about to teleport, slowed, lost dexterity, very slow
A: no food or potions, fire vulnerability, cold resistance 1, negative energy
resistance 3, torment resistance, unbreathing
a: Renounce Religion


You were on level 6 of the Dungeon.
You worshipped Xom.
You were a favourite toy of Xom.
You were not hungry.

You visited 2 branches of the dungeon, and saw 8 of its levels.
You also visited: Sewer.

You collected 1741 gold pieces.

Inventory:

Hand Weapons
 a - a +0 spear of chaos (weapon)
 d - a +2 spear of freezing
 n - a +0 club
 r - a +0 hand crossbow
 v - a +0 quarterstaff
 C - a +0 dagger
 H - the +8 frozen axe "Frostbite" {freezing cloud, *Noise +Fly rC+}
   (Xom gifted it to you in the Ecumenical Temple)

   It has been specially enchanted to freeze those struck by it, causing extra
   injury to most foes and up to half again as much damage against particularly
   susceptible opponents.
   It can also slow down cold-blooded creatures.
   It protects you from cold.
   It lets you fly.
   It may make noises in combat.
Missiles
 f - 201 stones
 o - 5 javelins (quivered)
 t - 74 sling bullets
 z - 126 arrows
Armour
 b - a +2 leather armour
 g - a +4 troll leather armour (worn) {Purgy}
 q - a +2 chain mail of fire resistance
 x - a +0 cloak (worn)
Magical Staves
 l - an uncursed staff of wizardry {unknown}
 F - an uncursed staff of wizardry {unknown}
Jewellery
 c - an uncursed amulet of magic regeneration
 i - an uncursed ring of poison resistance
 p - the amulet of Gom Joba (around neck) {Spirit Int+3 Slay+2}
   (Xom gifted it to you in the Ecumenical Temple)

   [amulet of guardian spirit]

   It causes incoming damage to be split between your health and magic.
   It affects your intelligence (+3).
   It affects your accuracy and damage with ranged weapons and melee attacks
   (+2).
 w - a cursed -6 ring of dexterity (left hand)
 A - a cursed ring of teleportation (right hand)
 B - a +4 ring of intelligence
Wands
 e - a wand of polymorph (5/24)
 G - a wand of paralysis (9/24)
 I - a wand of digging (11/24)
Scrolls
 j - a scroll of teleportation
 k - 2 scrolls of amnesia
 m - 2 scrolls of identify
 y - a scroll of magic mapping
Potions
 h - 2 potions of mutation {unknown}
Books
 E - a book of Unlife

   Spells                             Type                      Level
   a - Recall                         Summoning/Translocation      3
   b - Animate Dead                   Necromancy                   4
   c - Control Undead                 Necromancy                   4
   d - Cigotuvi's Embrace             Necromancy                   5
   e - Death Channel                  Necromancy                   6
   f - Simulacrum                     Ice/Necromancy               6
Comestibles
 s - 16 fruits
 u - 2 meat rations


   Skills:
 - Level 4.1 Fighting
 * Level 2.7(4.0) Axes
 - Level 4.5(4.9) Polearms
 - Level 0.2 Throwing
 + Level 4.0 Armour
 + Level 3.0 Dodging
 - Level 2.2 Stealth


You had 7 spell levels left.
You didn't know any spells.

Dungeon Overview and Level Annotations

Branches:
Dungeon (7/15)             Temple (1/1) D:4

Altars:
Ashenzari
Dithmenos
Elyvilon
Fedhas
Gozag
Hepliaklqana
Kikubaaqudgha
Makhleb
Nemelex Xobeh
Okawaru
Qazlal
Sif Muna
Trog
Uskayaw
Vehumet
Wu Jian
Xom
Yredelemnul
Zin


Innate Abilities, Weirdness & Mutations

You do not eat or drink.
Your flesh is vulnerable to fire.
You are immune to poison.
Your flesh is cold resistant. (rC+)
You are immune to negative energy. (rN+++)
You are immune to unholy pain and torment.
You can survive without breathing.


Message History

The wyvern zombie bites you but does no damage.
The wyvern zombie barely misses you.
Attack whom?
Press: ? - help, Dir - move target cursor, f/p - wyvern zombie
Aim: a wyvern zombie (magical condensation, heavily damaged)
You hit the wyvern zombie.
The wyvern zombie is heavily damaged.
The wyvern zombie bites you.
Attack whom?
Press: ? - help, Dir - move target cursor, f/p - wyvern zombie
Aim: a wyvern zombie (magical condensation, heavily damaged)
You hit the wyvern zombie but do no damage.
The wyvern zombie is heavily damaged.
The wyvern zombie bites you! x2
* * * LOW HITPOINT WARNING * * *
As you read the scroll of teleportation, it crumbles to dust.
You feel strangely unstable. The wyvern zombie bites you!
* * * LOW HITPOINT WARNING * * *
The wyvern zombie bites you!
You die...

##...# ...#
#..#..# #..
.†...#
....##$....##...
###..#
.!.......†......
###.###
#.........#
#.....#
##..._...##
#.....#
..##.........##.
#...^.#
.......§........
#...%.#
#...##§§Z..##..#
......# #.%
#§@#..# .#
####### ##
#.§###..# ....§
.... #..##.
.#.## ##+ #.
...:# .# . .+ .
.


You could see a wyvern zombie.

Vanquished Creatures
  A sky beast (D:6)
  Purgy (Sewer)
  A phantom (D:6)
  2 scorpions
  A crimson imp (D:5)
  4 hounds (D:4)
  A jelly (D:6)
  A bullfrog skeleton (D:4)
  Jessica (D:2)
  4 iguanas
  2 worker ants (D:4)
  2 worker ant zombies
  2 gnolls
  5 adders
  2 river rats (D:3)
  2 oozes
  An adder skeleton (D:7)
  2 worms
  2 dart slugs
  4 leopard geckos
  An orc (D:3)
  3 ball pythons
  5 giant cockroaches
  A goblin (D:2)
  5 hobgoblins
  10 jackals
  4 quokkas
  6 bats
  7 frilled lizards
  9 kobolds
  A quokka skeleton (D:4)
  11 rats
104 creatures vanquished.

Vanquished Creatures (collateral kills)
  An ogre (D:4)
  A scorpion (D:4)
2 creatures vanquished.

Grand Total: 106 creatures vanquished

Notes
Turn   | Place    | Note
-------+----------+-------------------------------------------
     0 | D:1      | M4edhros the Mummy Chaos Knight began the quest for the Orb.
     0 | D:1      | Reached XP level 1. HP: 18/18 MP: 1/1
    54 | D:1      | XOM: harmless Fire miscast
    91 | D:1      | XOM: silly message
   186 | D:2      | Reached XP level 2. HP: 24/24 MP: 2/2
   218 | D:2      | Noticed Jessica
   229 | D:2      | Killed Jessica
   229 | D:2      | Reached skill level 1 in Dodging
   229 | D:2      | Reached XP level 3. HP: 27/29 MP: 3/3
   288 | D:2      | Found a blossoming altar of Fedhas.
   329 | D:2      | Found a radiant altar of Vehumet.
   545 | D:3      | XOM: harmless Hex miscast
   686 | D:3      | XOM: harmless Chrm miscast
   789 | D:3      | Reached XP level 4. HP: 31/35 MP: 4/4
   804 | D:3      | Found a glowing drain.
   824 | Sewer    | Entered a sewer
   902 | Sewer    | XOM: harmless Pois miscast
   914 | Sewer    | XOM: divination: detect items
   955 | Sewer    | Noticed Purgy
   971 | Sewer    | XOM: potion effect (brilliance)
   980 | Sewer    | XOM: cast spell 'Summon Butterflies'
   993 | Sewer    | Killed Purgy
   993 | Sewer    | Reached XP level 5. HP: 15/42 MP: 5/5
  1079 | Sewer    | XOM: harmless Fire miscast
  1221 | D:3      | Found an ornate altar of the Wu Jian Council.
  1244 | D:4      | Found a staircase to the Ecumenical Temple.
  1273 | D:4      | Reached skill level 1 in Stealth
  1280 | Temple   | Entered the Ecumenical Temple
  1589 | Temple   | XOM: medium Divn miscast
  2646 | Temple   | XOM: 2-stop teleportation journey
  2667 | Temple   | XOM is BORED!
  2667 | Temple   | XOM: medium Summ miscast
  2668 | Temple   | Noticed a spatial vortex
  2668 | Temple   | Noticed a spatial vortex
  2668 | Temple   | Noticed a spatial vortex
  3766 | Temple   | XOM: silly message
  3938 | Temple   | XOM: harmless Divn miscast
  4490 | Temple   | XOM: silly message
  4638 | Temple   | XOM: harmless Pois miscast
  4743 | Temple   | XOM is BORED!
  4743 | Temple   | XOM: harmless Necr miscast
  5100 | Temple   | XOM: cloud trail
  5494 | Temple   | XOM: divination: detect items
  5626 | Temple   | XOM: god gift: scroll labeled ZUFIGO NAXT {god gift}
  6125 | Temple   | XOM: harmless Fire miscast
  6145 | Temple   | XOM: cloud trail
  6212 | Temple   | XOM is BORED!
  6212 | Temple   | XOM: summons 1 hostile demon
  7501 | Temple   | XOM: noise
  7716 | Temple   | XOM: medium Conj miscast
  7787 | Temple   | XOM: mild Hex miscast
  8116 | Temple   | XOM: medium Divn miscast
  8481 | Temple   | XOM: god gift: 530 gold pieces
  8934 | Temple   | XOM: divination: magic mapping
  9734 | Temple   | XOM: god gift: shiny chain mail {god gift}
  9756 | Temple   | XOM: harmless Divn miscast
 10220 | Temple   | XOM: 1-stop teleportation journey
 10230 | Temple   | XOM: harmless Pois miscast
 10943 | Temple   | XOM: medium Hex miscast
 11252 | Temple   | XOM is BORED!
 11252 | Temple   | XOM: stat loss: -2 Dex (10/12)
 11384 | Temple   | XOM: harmless Air miscast
 11598 | Temple   | XOM: summons 2 hostile demons
 12085 | Temple   | XOM: god gift: 27 gold pieces
 12273 | Temple   | XOM: god gift: hand crossbow {god gift}
 12337 | Temple   | XOM: god gift: 3 fruits
 12531 | Temple   | XOM: 1-stop teleportation journey
 12949 | Temple   | XOM: god gift: 18 sling bullets
 13505 | Temple   | XOM: god gift: 54 gold pieces
 14091 | Temple   | XOM: god gift: 19 stones
 14162 | Temple   | XOM: scenery: create altars
 14964 | Temple   | XOM: cloud trail
 15108 | Temple   | XOM: cloud trail
 15311 | Temple   | XOM is BORED!
 15311 | Temple   | XOM: severe Conj miscast
 15453 | Temple   | XOM: divination: magic mapping
 15805 | Temple   | XOM: noise
 16868 | Temple   | XOM: cloud trail
 16917 | Temple   | XOM: noise
 16990 | Temple   | XOM: harmless Summ miscast
 17233 | Temple   | XOM: harmless Tloc miscast
 17397 | Temple   | XOM: silly message
 17621 | Temple   | XOM: mild Fire miscast
 17868 | Temple   | XOM: scenery: create altars
 19012 | Temple   | XOM: mild Pois miscast
 19834 | Temple   | XOM: scenery: create altars
 20127 | Temple   | XOM: divination: detect items
 20865 | Temple   | XOM: harmless Air miscast
 21499 | Temple   | XOM: harmless Chrm miscast
 21634 | Temple   | XOM: 3-stop teleportation journey
 22350 | Temple   | XOM: mild Conj miscast
 22716 | Temple   | XOM is BORED!
 22716 | Temple   | XOM: noise
 22963 | Temple   | XOM: noise
 23337 | Temple   | XOM: god gift: scroll labeled IQOKUY AHAOB {god gift}
 23369 | Temple   | XOM is BORED!
 23369 | Temple   | XOM: medium Hex miscast
 23557 | Temple   | XOM: cloud trail
 23625 | Temple   | XOM: god gift: scroll labeled HAGAGO LACWE {god gift}
 23679 | Temple   | XOM: scenery: create altars
 24020 | Temple   | XOM: scenery: create altars
 24321 | Temple   | XOM: god gift: meat ration
 24780 | Temple   | XOM is BORED!
 24780 | Temple   | XOM: severe Chrm miscast
 24780 | Temple   | Paralysed by the severe capriciousness of Xom for 4 turns
 26204 | Temple   | XOM: cloud trail
 26469 | Temple   | XOM: summons 2 hostile demons
 26623 | Temple   | XOM: mild Chrm miscast
 26890 | Temple   | XOM: stat loss: -1 Str (15/16)
 26968 | Temple   | XOM: mild Air miscast
 28786 | Temple   | XOM: harmless Conj miscast
 28901 | Temple   | XOM: god gift: quarterstaff {god gift}
 28982 | Temple   | XOM: divination: magic mapping
 29563 | Temple   | XOM: harmless Ice miscast
 29786 | Temple   | XOM: harmless Conj miscast
 30104 | Temple   | XOM: harmless Ice miscast
 30625 | Temple   | XOM: 1-stop teleportation journey
 30709 | Temple   | XOM: harmless Ice miscast
 30882 | Temple   | XOM: summons 2 hostile demons
 31423 | Temple   | XOM is BORED!
 31494 | Temple   | XOM: noise
 32418 | Temple   | XOM: harmless Necr miscast
 32503 | Temple   | XOM: summons 2 hostile demons
 33550 | Temple   | XOM: summons 2 hostile demons
 33551 | Temple   | Noticed a rust devil
 34404 | Temple   | XOM: mild Chrm miscast
 34497 | Temple   | XOM: harmless Conj miscast
 34594 | Temple   | XOM: harmless Fire miscast
 34751 | Temple   | XOM: harmless Fire miscast
 34890 | Temple   | XOM: medium Air miscast
 35637 | Temple   | XOM: cloud trail
 35975 | Temple   | XOM: stat loss: -1 Dex (9/12)
 36006 | Temple   | XOM: god gift: 53 gold pieces
 36206 | Temple   | XOM: god gift: tubular opal ring {god gift}
 37275 | Temple   | XOM: cloud trail
 37337 | Temple   | XOM: divination: magic mapping
 37563 | Temple   | XOM: cloud trail
 38082 | Temple   | XOM: scenery: create altars
 38227 | Temple   | XOM: god gift: wand of polymorph (?/24) {god gift}
 38324 | Temple   | XOM is BORED!
 38324 | Temple   | XOM: noise
 39514 | Temple   | XOM: harmless Fire miscast
 39781 | Temple   | XOM is BORED!
 39781 | Temple   | XOM: medium Necr miscast
 39931 | Temple   | XOM: divination: detect creatures
 40443 | Temple   | XOM: harmless Air miscast
 40723 | Temple   | XOM: harmless Summ miscast
 41281 | Temple   | XOM: silly message
 41823 | Temple   | XOM: mild Pois miscast
 42513 | Temple   | XOM is BORED!
 42513 | Temple   | XOM: medium Divn miscast
 43127 | Temple   | XOM is BORED!
 43127 | Temple   | XOM: medium Ice miscast
 43415 | Temple   | XOM is BORED!
 44319 | Temple   | XOM: mild Air miscast
 44477 | Temple   | XOM: summons 1 hostile demon
 45137 | Temple   | XOM: 2-stop teleportation journey
 45207 | Temple   | XOM: divination: detect items
 45811 | Temple   | XOM: scenery: create altars
 46510 | Temple   | XOM: 1-stop teleportation journey
 46563 | Temple   | XOM: harmless Hex miscast
 46774 | Temple   | XOM: harmless Air miscast
 47001 | Temple   | XOM: cloud trail
 47382 | Temple   | XOM: god gift: 690 gold pieces
 47757 | Temple   | XOM: medium Tloc miscast
 48062 | Temple   | XOM: god gift: 2 red potions {god gift}
 48131 | Temple   | XOM: noise
 48135 | Temple   | XOM: summons 2 hostile demons
 48162 | D:4      | XOM: 9-stop teleportation journey
 48215 | D:4      | Reached XP level 6. HP: 38/48 MP: 6/6
 48306 | D:4      | XOM: 1-stop teleportation journey
 48462 | D:4      | XOM: mild Pois miscast
 48540 | D:4      | XOM: harmless Erth miscast
 48745 | D:4      | Reached XP level 7. HP: 42/54 MP: 7/7
 49493 | Temple   | XOM: divination: detect creatures
 49601 | Temple   | XOM is BORED!
 49601 | Temple   | XOM: medium Air miscast
 51063 | Temple   | XOM: harmless Erth miscast
 51237 | Temple   | XOM: cloud trail
 51653 | Temple   | XOM is BORED!
 51653 | Temple   | XOM: severe Air miscast
 51861 | Temple   | XOM: divination: detect items
 52147 | Temple   | XOM: noise
 52770 | Temple   | XOM: scenery: create altars
 53502 | Temple   | XOM: cloud trail
 53617 | Temple   | XOM: cloud trail
 54085 | Temple   | XOM: cloud trail
 54995 | Temple   | XOM: scenery: create altars
 55702 | Temple   | XOM: cloud trail
 56239 | Temple   | XOM: cloud trail
 56911 | Temple   | XOM: divination: detect creatures
 56957 | Temple   | XOM is BORED!
 57005 | Temple   | XOM: cloud trail
 57249 | Temple   | XOM: harmless Summ miscast
 57886 | Temple   | XOM: cloud trail
 58136 | Temple   | XOM: god gift: short jewelled staff {god gift}
 58498 | Temple   | XOM: silly message
 58996 | Temple   | XOM: divination: detect items
 59086 | Temple   | XOM: cloud trail
 59270 | Temple   | XOM: mild Necr miscast
 59383 | Temple   | XOM: mild Chrm miscast
 60065 | Temple   | XOM: harmless Summ miscast
 60333 | Temple   | XOM: mild Conj miscast
 60811 | Temple   | XOM: god gift: 17 sling bullets
 61094 | Temple   | XOM is BORED!
 61094 | Temple   | XOM: medium Hex miscast
 62711 | Temple   | XOM: god gift: club {god gift}
 62901 | Temple   | XOM is BORED!
 62901 | Temple   | XOM: noise
 63254 | Temple   | XOM: 2-stop teleportation journey
 63343 | Temple   | XOM: mild Pois miscast
 63505 | Temple   | XOM: severe Necr miscast
 63968 | Temple   | XOM is BORED!
 63968 | Temple   | XOM: medium Hex miscast
 64942 | Temple   | XOM: cloud trail
 65144 | Temple   | XOM: medium Air miscast
 65506 | Temple   | XOM: cloud trail
 66032 | Temple   | XOM: divination: detect items
 66074 | Temple   | XOM: noise
 66371 | Temple   | XOM: mild Tloc miscast
 66440 | Temple   | XOM is BORED!
 66440 | Temple   | XOM: medium Ice miscast
 66839 | Temple   | XOM: noise
 67453 | Temple   | XOM: mild Chrm miscast
 68092 | Temple   | XOM: medium Pois miscast
 68352 | Temple   | XOM: severe Ice miscast
 69028 | Temple   | XOM: summons 3 hostile demons
 69029 | Temple   | Noticed a ynoxinul
 69107 | D:4      | XOM: mild Necr miscast
 69555 | Temple   | XOM is BORED!
 69555 | Temple   | XOM: stat loss: -3 Int (1/11)
 70105 | Temple   | XOM: god gift: scintillating ivory amulet {god gift}
 70106 | Temple   | Got a scintillating ivory amulet {god gift}
 70108 | Temple   | Identified the amulet of Gom Joba {Spirit Int+3 Slay+2} (Xom gifted it to you in the Ecumenical Temple)
 70366 | D:3      | XOM: summons 2 hostile demons
 70793 | D:2      | XOM: god gift: 19 arrows
 71360 | D:1      | XOM: stat loss: -1 Dex (5/7)
 71435 | D:1      | XOM: mild Erth miscast
 71990 | Temple   | XOM: noise
 72872 | Temple   | XOM is BORED!
 72872 | Temple   | XOM: medium Tloc miscast
 73009 | Temple   | XOM: noise
 73505 | Temple   | XOM: harmless Hex miscast
 73910 | Temple   | XOM: divination: detect items
 74272 | Temple   | XOM: summons 2 hostile demons
 74922 | Temple   | XOM: harmless Summ miscast
 74980 | Temple   | XOM: mild Pois miscast
 75027 | Temple   | XOM is BORED!
 75637 | Temple   | XOM: god gift: cloak {god gift}
 75838 | Temple   | XOM: divination: detect creatures
 75867 | Temple   | XOM: mild Conj miscast
 75868 | Temple   | XOM: god gift: blackened copper ring {god gift}
 75969 | Temple   | XOM: god gift: dagger {god gift}
 76169 | Temple   | XOM: god gift: scroll of fear
 77317 | Temple   | XOM: 3-stop teleportation journey
 77833 | Temple   | XOM: medium Air miscast
 77971 | Temple   | XOM: harmless Tloc miscast
 79869 | Temple   | XOM: 1-stop teleportation journey
 80509 | Temple   | XOM: divination: detect creatures
 80777 | Temple   | XOM is BORED!
 80777 | Temple   | XOM: mild Tmut miscast
 81260 | Temple   | XOM: mild Conj miscast
 81423 | Temple   | XOM: silly message
 81550 | Temple   | XOM: noise
 82780 | Temple   | XOM: divination: magic mapping
 82889 | Temple   | XOM: harmless Chrm miscast
 83051 | Temple   | XOM: divination: detect creatures
 83105 | Temple   | XOM: cloud trail
 83183 | Temple   | XOM: scenery: create altars
 83505 | Temple   | XOM: god gift: 24 gold pieces
 83683 | Temple   | XOM: medium Tmut miscast
 83842 | Temple   | XOM: mild Summ miscast
 83994 | Temple   | XOM is BORED!
 83994 | Temple   | XOM: severe Ice miscast
 84001 | Temple   | XOM: harmless Conj miscast
 84511 | Temple   | XOM: silly message
 84617 | Temple   | XOM: harmless Chrm miscast
 85016 | Temple   | XOM: medium Chrm miscast
 85094 | Temple   | XOM: summons 3 hostile demons
 85503 | Temple   | XOM: mild Hex miscast
 85670 | Temple   | XOM: stat loss: -1 Dex (4/7)
 85826 | Temple   | XOM: mild Chrm miscast
 86554 | Temple   | XOM: mild Conj miscast
 86558 | Temple   | XOM: god gift: scroll labeled SUESUSTRENU {god gift}
 86674 | Temple   | XOM: god gift: 50 gold pieces
 86916 | Temple   | XOM: silly message
 87463 | Temple   | XOM: god gift: 11 gold pieces
 87764 | Temple   | XOM: god gift: book of Unlife
 87976 | Temple   | XOM: god gift: short jewelled staff {god gift}
 88748 | Temple   | XOM: noise
 89455 | Temple   | XOM: god gift: blackened brass wand {god gift}
 89585 | Temple   | XOM is BORED!
 89585 | Temple   | XOM: mild Ice miscast
 90143 | Temple   | XOM: medium Ice miscast
 90313 | Temple   | XOM: harmless Conj miscast
 91136 | Temple   | XOM is BORED!
 91136 | Temple   | XOM: noise
 91328 | Temple   | XOM: harmless Erth miscast
 91874 | Temple   | XOM: mild Air miscast
 92310 | Temple   | XOM is BORED!
 92310 | Temple   | XOM: medium Air miscast
 92483 | Temple   | XOM: harmless Tmut miscast
 92548 | Temple   | XOM: noise
 92933 | Temple   | XOM: harmless Fire miscast
 92969 | Temple   | XOM: harmless Necr miscast
 94177 | Temple   | XOM: harmless Tloc miscast
 94412 | Temple   | XOM: cloud trail
 94576 | Temple   | XOM is BORED!
 94576 | Temple   | XOM: stat loss: -2 Dex (2/7)
 95330 | Temple   | XOM: mild Fire miscast
 95552 | Temple   | XOM: noise
 95780 | Temple   | XOM is BORED!
 95780 | Temple   | XOM: stat loss: -3 Str (13/16)
 97097 | Temple   | XOM: mild Tloc miscast
 97120 | Temple   | XOM: harmless Ice miscast
 97312 | Temple   | XOM: harmless Fire miscast
 99069 | Temple   | XOM is BORED!
 99069 | Temple   | XOM: medium Tloc miscast
 99624 | Temple   | XOM: scenery: create altars
 99948 | Temple   | XOM: cloud trail
100001 | Temple   | XOM: harmless Tloc miscast
100447 | Temple   | XOM: harmless Conj miscast
100961 | Temple   | XOM: harmless Necr miscast
101472 | Temple   | XOM: divination: detect creatures
102320 | Temple   | XOM: divination: detect items
102898 | Temple   | XOM: god gift: +8 frozen axe "Frostbite" {freezing cloud, *Noise +Fly rC+}
103169 | Temple   | XOM: cloud trail
103223 | Temple   | XOM is BORED!
103223 | Temple   | XOM: medium Conj miscast
103554 | Temple   | XOM: harmless Chrm miscast
103709 | Temple   | XOM: summons 3 hostile demons
103710 | Temple   | Noticed a chaos spawn
104472 | Temple   | XOM: god gift: forked copper wand {god gift}
106492 | Temple   | XOM: cloud trail
106767 | Temple   | XOM: noise
106787 | Temple   | XOM: stat loss: -1 Str (12/16)
106917 | Temple   | XOM: scenery: create altars
107008 | Temple   | XOM: mild Erth miscast
107181 | Temple   | XOM: mild Erth miscast
108205 | Temple   | XOM: mild Fire miscast
108446 | Temple   | XOM: harmless Ice miscast
108682 | Temple   | XOM: medium Pois miscast
108693 | Temple   | XOM is BORED!
108693 | Temple   | Lost dexterity.
108693 | Temple   | XOM: stat loss: -3 Dex (0/7)
108725 | D:5      | Entered Level 5 of the Dungeon
108725 | D:5      | Found a white marble altar of Elyvilon.
108759 | D:5      | Found a bloodstained altar of Trog.
108767 | D:5      | Reached skill level 1 in Axes
109072 | D:6      | XOM: confuse monster(s)
109079 | D:6      | Found a shadowy altar of Dithmenos.
109082 | D:6      | XOM: cast spell 'Discord'
109086 | D:6      | XOM: confuse monster(s)
109090 | D:6      | Reached XP level 8. HP: 47/60 MP: 6/8
109097 | D:6      | XOM: smoke on damage
109104 | D:6      | Slain by a wyvern zombie

Vault maps used:
D:1:      dpeg_arrival_rooms_b
D:2:      vehumet_crystals, fedhas_altar_1, uniq_jessica
D:3:      overflow_temple_1_default, nicolae_overflow_hidden_temple,
          gup_sewer_entry_bubbles, first_bread, kennysheep_boxes
D:4:      minmay_temple_entry_hall, minmay_misc_feat_four_crosses,
          hangedman_abyss_or_decor_stabs, cheibrodos_gnoll_hut
D:5:      nicolae_ru_sacrificial_ziggurat, kennysheep_mini_moat,
          elyvilon_altar_5, basic_altar, uniq_grinder
D:6:      bh_chokoban, nicolae_dithmenos_shadow_blocks
D:7:      cheibrodos_grave_circle, nicolae_tso_swordbearing_angel
Temple:   oiseaux_autumnal_temple
Sewer:    kennysheep_door_sewer

Skill      XL: |  1  2  3  4  5  6  7 |
---------------+----------------------+-----
Polearms       | 3 4 |  4.5
Dodging        | 1 3 |  3.0
Armour         | 2 3 4 |  4.0
Stealth        | 1 2 |  2.2
Fighting       | 4 |  4.1
Axes           | 2 |  2.7
Throwing       | |  0.2

Action                   |  1- 3 |  4- 6 |  7- 9 || total
-------------------------+-------+-------+-------++-------
Melee: Spear             |    81 |   238 |   223 ||   542
       Executioner's axe |       |       |    13 ||    13
Throw: Javelin           |       |     5 |       ||     5
       Stone             |       |     4 |       ||     4
Evoke: Wand              |       |       |     8 ||     8
  Use: Scroll            |       |    13 |     8 ||    21
 Stab: Sleeping          |     1 |     3 |     1 ||     5
Armor: Leather armour    |    30 |    11 |       ||    41
       Troll leather arm |       |    56 |   154 ||   210
Dodge: Dodged            |    33 |   142 |    80 ||   255
